 Dungeon Crawl Stone Soup version 0.20-a0-16-g0876c8e (webtiles) character file.

44 JeffiDaFish the Shield-Bearer (level 3, -4/23 HPs)
             Began as a Gargoyle Fighter on Nov 4, 2016.
             Killed from afar by an orc wizard (11 damage)
             ... with a puff of flame
             ... on level 3 of the Dungeon.
             The game lasted 00:02:19 (1062 turns).

JeffiDaFish the Shield-Bearer (Gargoyle Fighter)    Turns: 1062, Time: 00:02:20

Health: -4/23      AC: 10    Str: 19 (20) XL:     3   Next: 62%
Magic:  3/3        EV:  7    Int:  5 (8)  God:
Gold:   49         SH:  9    Dex:  7 (9)  Spells: 0 memorised, 2 levels left

rFire  . . .     SeeInvis .     a - +1 flail
rCold  . . .     Gourm    .     b - +0 scale mail
rNeg   + . .     Faith    .     c - +0 shield
rPois  ∞         Spirit   .     (no helmet)
rElec  +         Reflect  .     (no cloak)
rCorr  .         Harm     .     (no gloves)
MR     .....                    (no boots)
Stlth  ..........               (no amulet)
                                (no ring)
                                (no ring)

@: no status effects
A: negative energy resistance 1, electricity resistance, unbreathing,
petrification resistance, rot immunity, AC +3
a: no special abilities


You were on level 3 of the Dungeon.
You were not hungry.

You visited 1 branch of the dungeon, and saw 3 of its levels.

You collected 49 gold pieces.

Inventory:

Hand Weapons
 a - a +1 flail (weapon)
Armour
 b - a +0 scale mail (worn)
 c - a +0 shield (worn)
Potions
 d - 2 potions of might
 e - a potion of agility {unknown}
Comestibles
 f - a bread ration
 h - 3 fruits
 i - a beef jerky
 j - a royal jelly
 k - a meat ration


   Skills:
 + Level 3.5 Fighting
 + Level 2.4 Maces & Flails
 + Level 3.6 Armour
 + Level 0.4 Dodging
 + Level 4.0 Shields


You had 2 spell levels left.
You didn't know any spells.

Dungeon Overview and Level Annotations

Branches:
Dungeon (3/15)

Altars:


Innate Abilities, Weirdness & Mutations

You are resistant to torment.
Your stone body is resilient. (AC +3)
You are immune to poison.
You resist negative energy. (rN+)
You are resistant to electric shocks. (rElec)
You can survive without breathing.
You are immune to petrification.
You are immune to rotting.


Message History

You miss something. Something hits you. Something hits you but does no damage.
You miss something.
The goblin shoots a stone.
You block the stone.
You hear some strange, mumbled words.
A magic dart appears from out of thin air!
The magic dart hits you!
Your shield and scale mail prevent you from hitting something.
Something hits you.
* * * LOW HITPOINT WARNING * * *
The goblin shoots a stone.
The stone hits you but does no damage.
You closely miss something. You block something's attack.
The goblin shoots a stone.
The stone hits you but does no damage. Something hits you but does no damage.
You miss something. Something hits you but does no damage.
You closely miss something.
The goblin shoots a stone.
The stone hits you but does no damage. Something hits you but does no damage.
You closely miss something.
You hear some strange, mumbled words.
A puff of flame appears from out of thin air!
The puff of flame hits you!
You die...

.. .### #. .....#.
.....#.## #. ........#
##.. ........#######...#
......)..#........ g
#.{).(....#
....##.g@......# ##
.........#(....#######.
......................
............(....## .###
.###..............##...###
#...........(#..........
#...#.##......##.........
...##. #...######........
#.# #....................


You could see a goblin.

Vanquished Creatures
  A dart slug (D:1)
  A leopard gecko (D:1)
  2 orcs (D:3)
  2 ball pythons
  7 bats
  5 goblins
  8 hobgoblins
  2 jackals (D:3)
  4 frilled lizards
  2 kobolds (D:2)
  A rat (D:2)
35 creatures vanquished.

Notes
Turn   | Place    | Note
-------+----------+-------------------------------------------
     0 | D:1      | JeffiDaFish the Gargoyle Fighter began the quest for the Orb.
     0 | D:1      | Reached XP level 1. HP: 14/14 MP: 1/1
    68 | D:1      | Reached XP level 2. HP: 17/19 MP: 2/2
   633 | D:2      | Reached XP level 3. HP: 19/23 MP: 3/3
  1031 | D:3      | Reached skill level 4 in Shields
  1062 | D:3      | Killed from afar by an orc wizard

Vault maps used:
D:1:      minmay_arrival_four_houses, minivault_25
D:2:      st_stairs_11, minmay_tree_intersection
D:3:      okawaru_ov_weapons_minmay, uniq_sigmund

Skill      XL: |  1  2  3 |
---------------+----------+-----
Shields        | 4 |  4.0
Fighting       | |  3.5
Maces & Flails | |  2.4
Armour         | |  3.6
Dodging        | |  0.4

Action                   || total
-------------------------++-------
Melee: Flail             ||   149
  Use: Scroll            ||     4
       Potion            ||     2
  Eat: Chunk             ||     1
Armor: Scale mail        ||   108
Dodge: Dodged            ||    60
Block: Shield            ||   100
